 Dungeon Crawl Stone Soup version 0.30-a0-305-g026cb31310 (webtiles) character file.

Game seed: 8485319300321543049

1922 hikkokomori the Zephyrmancer (level 9, 0/48 HPs)
             Began as a Tengu Air Elementalist on Oct 24, 2022.
             Slain by a yak (13 damage)
             ... on level 7 of the Dungeon.
             The game lasted 00:19:54 (5540 turns).

hikkokomori the Zephyrmancer (TeAE)                 Turns: 5540, Time: 00:19:55

Health: 0/48       AC:  7    Str:  8    XL:     9   Next: 17%
Magic:  9/13       EV: 20    Int: 18    God:
Gold:   470        SH:  0    Dex: 17    Spells: 5/12 levels left

rFire   . . .      SeeInvis .    u - +2 falchion (freeze)
rCold   . . .      Faith    .    (no shield)
rNeg    . . .      Spirit   .    a - +0 robe
rPois   .          Reflect  .    (helmet restricted)
rElec   .          Harm     .    h - +1 cloak
rCorr   .          Rampage  .    v - +2 pair of gloves
Will    .....                    (boots unavailable)
Stlth   ++........               f - amulet of magic regeneration
HPRegen 0.28/turn                (no ring)
MPRegen 0.53/turn                (no ring)

@: flying quickly and evasively, quick
A: beak, talons 3, nimble flight
a: no special abilities


You were on level 7 of the Dungeon.
You visited 1 branch of the dungeon, and saw 7 of its levels.

You collected 470 gold pieces.

Inventory:

Hand Weapons
 c - a +0 club
 o - a +1 dagger of venom
 u - a +2 falchion of freezing (weapon)
Missiles
 e - 2 throwing nets
Armour
 a - a +0 robe (worn)
 h - a +1 cloak (worn)
 v - a +2 pair of gloves (worn)
 y - a scarf of invisibility
Jewellery
 f - an amulet of magic regeneration (around neck)
Scrolls
 g - a scroll of amnesia {unknown}
 i - 2 scrolls of blinking
 k - a scroll of fear
 m - a scroll of butterflies {unknown}
 n - a scroll of summoning {unknown}
 s - a scroll of noise {unknown}
 x - 3 scrolls of vulnerability {unknown}
 A - a scroll of teleportation {unknown}
 B - 3 scrolls of magic mapping {unknown}
 C - a scroll of identify
 E - a scroll of enchant armour {unknown}
Potions
 b - a potion of magic
 d - 4 potions of degeneration
 j - a potion of haste
 l - 4 potions of curing
 p - a potion of mutation
 q - 3 potions of berserk rage
 r - 2 potions of ambrosia {unknown}
 t - 3 potions of flight {unknown}
 w - a potion of heal wounds {unknown}
 z - a potion of attraction {unknown}
 D - a potion of lignification {unknown}


   Skills:
 + Level 1.8 Fighting
 + Level 9.1 Dodging
 - Level 2.0 Stealth
 - Level 2.0 Spellcasting
 - Level 1.3 Conjurations
 + Level 11.2 Air Magic


You had 5 spell levels left.
You knew the following spells:

 Your Spells              Type           Power      Damage    Failure   Level
a - Shock                 Conj/Air       96%        1d9       1%          1
b - Static Discharge      Conj/Air       48%        2-4/arc   1%          2
c - Airstrike             Air            21%        2d(3-19)  1%          4

Your spell library contained the following spells:

 Spells                   Type           Power      Damage    Failure   Level
 Swiftness                Air            42%        N/A       1%          3


Dungeon Overview and Level Annotations

Branches:
Dungeon (7/15)
 Temple: D:4-7

Altars:
Ashenzari
Kikubaaqudgha
Makhleb
Okawaru
Vehumet

Shops:
D:1 *

Annotations:
D:3 Edmund


Innate Abilities, Weirdness & Mutations

You have a beak for a mouth.
You have claws for feet.
Your magical nature lets you fly swiftly and evasively.


Message History

The yak is heavily wounded.
The zap hits the yak.
The yak is severely wounded.
The zap hits the yak!
The yak is almost dead.
The zap hits the yak.
The yak is heavily wounded.
The yak gores you! The yak gores you but does no damage.
Casting: Shock (safe; 1% risk of failure)
Confirm with . or Enter, or press ? or * to list all spells.
Aiming: Shock (safe; 1% risk of failure)
Press: ? - help, Shift-Dir - straight line The zap hits the yak.
The yak is heavily wounded.
The zap hits the yak.
The yak is heavily wounded.
The zap hits the yak.
You kill the yak!
The zap hits the yak.
The yak is severely wounded.
The yak gores you!
* * * LOW HITPOINT WARNING * * *
Unknown command.
Unknown command.
Unknown command.
Unknown command.
Casting: Shock (safe; 1% risk of failure)
Confirm with . or Enter, or press ? or * to list all spells.
Aiming: Shock (safe; 1% risk of failure)
Press: ? - help, Shift-Dir - straight line The zap misses the yak.
The zap hits the yak.
The yak is severely wounded.
The zap hits the yak.
The yak is almost dead.
The zap hits the yak.
The yak is almost dead.
The yak gores you.
* * * LOW HITPOINT WARNING * * *
The yak gores you!
You die...

D# ..#.# ..
....#
.....#
......
#......
##.......
..
##........
#..
##YY#......
#.. ##.@##
..... #.#
##..## ....
#.###...#
...
#.#...## ..
##.....# .
##......#
##.......##
#.........#
#.........#


You could see 2 yaks.

Vanquished Creatures
  A yak (D:7)
  Menkaure (D:4)
  A black bear (D:6)
  An ogre (D:3)
  A centaur (D:5)
  A bullfrog (D:6)
  2 kobold brigands (D:7)
  3 necrophages
  3 scorpions
  A jelly (D:6)
  3 orc priests
  5 hounds
  3 orc wizards (D:5)
  4 iguanas
  Robin (D:3)
  14 gnolls
  8 adders
  A shadow imp (D:6)
  A white imp (D:5)
  6 worms
  2 dart slugs
  20 orcs
  11 ball pythons
  7 bats
  7 endoplasms
  A giant cockroach (D:4)
  10 hobgoblins
  7 jackals (D:3)
  22 kobolds
  3 quokkas
  A frilled lizard (D:1)
  18 goblins
  A rat (D:3)
171 creatures vanquished.

Notes
Turn   | Place    | Note
-------+----------+-------------------------------------------
     0 | D:1      | hikkokomori the Tengu Air Elementalist began the quest for
                  | the Orb.
     0 | D:1      | Reached XP level 1. HP: 10/10 MP: 4/4
    21 | D:1      | Reached XP level 2. HP: 15/15 MP: 0/6
   294 | D:1      | Reached XP level 3. HP: 19/19 MP: 4/7
   481 | D:1      | Reached skill level 5 in Air Magic
   560 | D:1      | Found Hatsioxt's General Store.
   778 | D:1      | Learned a level 2 spell: Static Discharge
   982 | D:2      | Reached XP level 4. HP: 24/24 MP: 6/8
  1157 | D:2      | Found a radiant altar of Vehumet.
  1485 | D:3      | Gained mutation: Your magical nature lets you fly swiftly
                  | and evasively. [Tengu growth]
  1485 | D:3      | Reached XP level 5. HP: 28/28 MP: 7/9
  1539 | D:3      | Found an ancient bone altar of Kikubaaqudgha.
  1612 | D:3      | Reached skill level 6 in Air Magic
  1685 | D:3      | Found a broken altar of Ashenzari.
  1846 | D:3      | Noticed Robin
  1861 | D:3      | Killed Robin
  2615 | D:4      | Noticed an ogre
  2654 | D:3      | Killed an ogre
  2655 | D:3      | Reached skill level 5 in Dodging
  2655 | D:3      | Reached XP level 6. HP: 12/32 MP: 6/10
  2781 | D:4      | Reached skill level 7 in Air Magic
  2786 | D:4      | Noticed Edmund
  2920 | D:4      | Noticed Menkaure
  3014 | D:3      | Learned a level 4 spell: Airstrike
  3026 | D:4      | Killed Menkaure
  3125 | D:4      | Reached XP level 7. HP: 35/36 MP: 3/11
  3167 | D:4      | Reached skill level 8 in Air Magic
  3516 | D:5      | Entered Level 5 of the Dungeon
  3759 | D:5      | Reached skill level 9 in Air Magic
  3765 | D:5      | Reached XP level 8. HP: 25/41 MP: 4/12
  4459 | D:6      | Reached skill level 10 in Air Magic
  4728 | D:6      | Found an iron altar of Okawaru.
  5093 | D:6      | Found a burning altar of Makhleb.
  5367 | D:7      | Reached skill level 11 in Air Magic
  5367 | D:7      | Reached XP level 9. HP: 46/46 MP: 2/13
  5451 | D:7      | Reached skill level 1 in Fighting
  5540 | D:7      | Slain by a yak

Illustrated notes

Levels and vault maps discovered:
D:1:      giann_forest_graveyard, layout_rooms, serial_shops, shop
D:2:      layout_rooms, basic_altar, minmay_misc_feat_alley,
          dreamdust_wishing_well
D:3:      layout_basic, lemuel_round_altar, nicolae_overflow_crystal_walls,
          kennysheep_big_empty_room, minivault_5, uniq_robin
D:4:      layout_gridville, hangedman_decor_push, kennysheep_generic_room_4,
          uniq_edmund, uniq_menkaure
D:5:      layout_rooms, minmay_diced_spiral
D:6:      corexii_shack_village, layout_gridville,
          mainiacjoe_overflow_big_doors, minivault_10
D:7:      layout_cave_pods, minmay_temple_entry_proselytizer

Skill      XL: |  1  2  3  4  5  6  7  8  9 |
---------------+----------------------------+-----
Dodging        | 3 4 5 7 8 9 |  9.1
Air Magic      | 5 6 7 9 11 | 11.2
Fighting       | 1 |  1.8
Stealth        | |  2.0
Spellcasting   | |  2.0
Conjurations   | |  1.3

Action                   |  1- 3 |  4- 6 |  7- 9 || total
-------------------------+-------+-------+-------++-------
Melee: Club              |    16 |     1 |       ||    17
       Kick              |     4 |     1 |    16 ||    21
       Peck              |     1 |       |     4 ||     5
       Falchion          |       |       |    43 ||    43
 Cast: Shock             |    68 |   158 |   223 ||   449
       Static Discharge  |     1 |     4 |       ||     5
       Airstrike         |       |     1 |     1 ||     2
  Use: Potion            |       |     3 |       ||     3
       Scroll            |       |       |     4 ||     4
 Stab: Sleeping          |     1 |       |     4 ||     5
Armor: Robe              |     4 |    11 |    16 ||    31
Dodge: Dodged            |    24 |    53 |    84 ||   161

Table legend: (Time is in decaauts)
 A = Elapsed time spent in this place.
 B = Non-inter-level travel time spent in this place.
 C = Inter-level travel time spent in this place.
 D = Time resting spent in this place.
 E = Time spent auto-exploring this place.
 F = Levels seen in this place.
 G = Mean time per level.
                   A        B        C        D        E       F      G
               +--------+--------+--------+--------+--------+-----+--------+
         Total |   5283 |   5010 |    273 |    379 |   3662 |   7 |  754.7 |
       Dungeon |   5283 |   5010 |    273 |    379 |   3662 |   7 |  754.7 |
               +--------+--------+--------+--------+--------+-----+--------+

Top non-repeatable levels by time:
     D:3: 1284 daAuts
     D:6: 819 daAuts
     D:1: 805 daAuts
     D:5: 792 daAuts
     D:2: 754 daAuts
     D:4: 614 daAuts
     D:7: 213 daAuts
